 Dungeon Crawl Stone Soup version 0.26.0-10-g1f06aea511 (webtiles) character file.

Game seed: 5028177031330921002

275293 raph the Earth Mage (level 19, -8/112 HPs)
             Began as a Deep Elf Earth Elementalist on Jan 30, 2021.
             Was the Champion of Nemelex Xobeh.
             Mangled by Mennas
             ... wielding a +4 eudemon blade of holy wrath
              (19 damage)
             ... on level 2 of the Vaults on Jan 31, 2021.
             The game lasted 04:04:22 (82228 turns).

raph the Earth Mage (Deep Elf Earth Elementalist)  Turns: 82228, Time: 04:04:23

Health: -8/112     AC: 29    Str: 14    XL:     19   Next: 93%
Magic:  36/41      EV: 16    Int: 32    God:    Nemelex Xobeh [******]
Gold:   240        SH:  0    Dex: 15    Spells: 4/51 levels left

rFire    + + +     SeeInvis +   a - staff of earth
rCold    + . .     Faith    .   e - +2 buckler
rNeg     . . .     Spirit   .   s - +3 fire dragon scales
rPois    +         Reflect  +   m - +2 helmet {SInv}
rElec    .         Harm     .   w - +2 cloak {rPois}
rCorr    .         Rampage  .   z - +1 pair of gloves
Will     +....                  y - +4 pair of boots "Wunyxaodi" {rC+}
Stlth    ..........             q - amulet of reflection
HPRegen  0.28/turn              B - +6 ring of intelligence
MPRegen  0.27/turn              Q - ring of Jos Hodienu {rF+ rC+ Str+6}

@: confused, glowing, silenced, very slow
A: no striking features
}: 1/15 runes: gossamer
a: Renounce Religion


You were on level 2 of the Vaults.
You worshipped Nemelex Xobeh.
Nemelex Xobeh was exalted by your worship.
You visited 6 branches of the dungeon, and saw 33 of its levels.
You also visited: Volcano.

You collected 3434 gold pieces.
You spent 3194 gold pieces at shops.

Inventory:

Hand Weapons
 b - a +6 scimitar of flaming
 N - the +3 long sword of a sewer {vamp, Will- Int+3 Dex+4}
   (You found it on level 3 of the Spider Nest)

   It inflicts no extra harm, but heals its wielder when it wounds a living foe.
   It affects your intelligence (+3).
   It affects your dexterity (+4).
   It affects your willpower, your defense against some magical effects.
Missiles
 i - 1058 stones
 A - 3 boomerangs of dispersal
Armour
 c - +0 acid dragon scales
 e - a +2 buckler (worn)
 m - a +2 helmet of see invisible (worn)
 s - +3 fire dragon scales (worn)
 w - a +2 cloak of poison resistance (worn)
 y - the +4 pair of boots "Wunyxaodi" (worn) {rC+}
   (You found it on level 9 of the Dungeon)

   It protects you from cold.
 z - a +1 pair of gloves (worn)
Magical Staves
 a - an uncursed staff of earth (weapon)
Jewellery
 q - an amulet of reflection (around neck)
 B - a +6 ring of intelligence (left hand)
 Q - the ring of Jos Hodienu (right hand) {rF+ rC+ Str+6}
   (You bought it in a shop on level 7 of the Dungeon)

   [ring of strength]

   It affects your strength (+6).
   It protects you from fire.
   It protects you from cold.
Wands
 f - a wand of acid (21)
 x - a wand of disintegration (57)
 D - a wand of enslavement (8)
 M - a wand of flame (7)
 T - a wand of iceblast (50)
Scrolls
 d - a scroll of enchant armour
 j - 20 scrolls of identify
 l - a scroll of fear
 p - 4 scrolls of teleportation
 C - 12 scrolls of remove curse
 J - 2 scrolls of blinking
 K - 5 scrolls of magic mapping
 L - 2 scrolls of brand weapon
 O - 3 scrolls of immolation
 P - 8 scrolls of amnesia
Potions
 g - 7 potions of mutation
 h - a potion of invisibility
 n - 5 potions of might
 o - 11 potions of haste
 r - 9 potions of ambrosia
 t - 13 potions of curing
 u - a potion of magic
 F - 8 potions of brilliance
 G - 6 potions of flight
 U - 2 potions of cancellation
 V - a potion of resistance
 X - a potion of berserk rage
Miscellaneous
 E - a phial of floods (inert)
 I - a condenser vane
 R - a lightning rod (4/4)
 Y - a box of beasts


   Skills:
 - Level 10.2 Fighting
 * Level 6.2 Long Blades
 - Level 4.6 Staves
 + Level 10.2 Armour
 - Level 13.9 Dodging
 - Level 11.1 Stealth
 - Level 4.0 Shields
 + Level 16.9 Spellcasting
 - Level 9.8 Conjurations
 * Level 8.8 Summonings
 - Level 3.4 Translocations
 - Level 1.1 Transmutations
 - Level 10.9 Fire Magic
 - Level 2.6 Ice Magic
 + Level 18.5 Earth Magic
 - Level 9.0 Invocations
 - Level 5.0 Evocations


You had 4 spell levels left.
You knew the following spells:

 Your Spells              Type           Power        Failure   Level
a - Sandblast             Erth           100%         0%          1
b - Passwall              Tmut/Erth      78%          1%          2
c - Stone Arrow           Conj/Erth      100%         1%          3
d - Lee's Rapid Deconstr  Erth           60%          1%          5
e - Petrify               Tmut/Erth      94%          1%          4
f - Fireball              Conj/Fire      38%          2%          5
g - Blink                 Tloc           N/A          2%          2
h - Call Imp              Summ           70%          1%          2
i - Apportation           Tloc           98%          1%          1
j - Ozocubu's Armour      Ice            44%          6%          3
k - Summon Lightning Spi  Summ/Air       53%          10%         4
l - Summon Demon          Summ           35%          4%          5
s - Sticky Flame          Conj/Fire      76%          1%          4
z - Iron Shot             Conj/Erth      54%          2%          6

Your spell library contained the following spells:

 Spells                   Type           Power        Failure   Level
 Foxfire                  Conj/Fire      100%         1%          1
 Freeze                   Ice            100%         1%          1
 Magic Dart               Conj           100%         1%          1
 Shock                    Conj/Air       100%         1%          1
 Summon Small Mammal      Summ           100%         1%          1
 Call Canine Familiar     Summ           70%          1%          3
 Conjure Flame            Conj/Fire      76%          1%          3
 Inner Flame              Hex/Fire       58%          1%          3
 Leda's Liquefaction      Hex/Erth       46%          1%          4
 Static Discharge         Conj/Air       55%          2%          3
 Summon Guardian Golem    Hex/Summ       53%          3%          3
 Mephitic Cloud           Conj/Pois/Air  47%          4%          3
 Hailstorm                Conj/Ice       61%          4%          4
 Animate Skeleton         Necr           54%          6%          1
 Corona                   Hex            30%          6%          1
 Frozen Ramparts          Ice            88%          6%          3
 Summon Ice Beast         Ice/Summ       59%          6%          4
 Portal Projectile        Hex/Tloc       76%          9%          3
 Slow                     Hex            27%          10%         2
 Swiftness                Air            27%          10%         2
 Airstrike                Air            13%          52%         4
 Cause Fear               Hex            13%          52%         4
 Bolt of Magma            Conj/Fire/Erth 52%          1%          5
 Iskenderun's Battlesphe  Conj           74%          3%          5
 Summon Forest            Summ/Tloc      30%          14%         5
 Statue Form              Tmut/Erth      62%          17%         6
 Lightning Bolt           Conj/Air       27%          22%         5
 Shadow Creatures         Summ           N/A          26%         6
 Summon Mana Viper        Hex/Summ       53%          28%         5
 Orb of Destruction       Conj           37%          67%         7
 Metabolic Englaciation   Hex/Ice        17%          69%         5
 Spellforged Servitor     Conj/Summ      36%          75%         7
 Yara's Violent Unravell  Hex/Tmut       15%          80%         5
 Summon Hydra             Summ           35%          80%         7
 Silence                  Hex/Air        13%          86%         5
 Hydra Form               Tmut           17%          99%         6
 Dragon Form              Tmut           17%          100%        7
 Discord                  Hex            13%          100%        8
 Dragon's Call            Summ           35%          100%        9


Dungeon Overview and Level Annotations

Branches:
Dungeon (15/15)            Temple (0/1) D:5            Lair (6/6) D:9
 Shoals (3/4) Lair:4       Spider (4/4) Lair:4        Slime (0/5) Lair:6
    Orc (2/2) D:12            Elf (0/3) Orc:2        Vaults (3/5) D:13
  Crypt (0/3) Vaults:2     Depths (0/5) D:15        Volcano (visited)

Altars:
Ashenzari
Cheibriados
Dithmenos
Elyvilon
Fedhas
Hepliaklqana
Nemelex Xobeh
Okawaru
Qazlal
Trog
Wu Jian
Xom
Yredelemnul
Zin
Beogh
Jiyva
Lugonu

Shops:
D:7 =   D:14 (   Orc:1 =   Orc:2 *[:(   Shoals:2 (}*:

Portals:
Abyss: Orc:2 Lair:2

Annotations:
Orc:2 2 transporters, emiel's ghost, journeyman DsAK
Vaults:2 Mennas


Message History

You fall into the shallow water.
Moving in this stuff is going to be slow.
Mennas is engulfed in water.
You block Mennas's attack. Mennas barely misses you. Mennas misses you.
Mennas hits you with a +4 eudemon blade of holy wrath!
* * * LOW HITPOINT WARNING * * *
Unknown command.
You are confused.
You feel invigorated.
Mennas hits you with a +4 eudemon blade of holy wrath!
* * * LOW HITPOINT WARNING * * *
Mennas hits you but does no damage.
You are too confused!
Your unstable footing causes you to fumble your attack.
Mennas hits you but does no damage.
Mennas hits you with a +4 eudemon blade of holy wrath.
* * * LOW HITPOINT WARNING * * *
Mennas hits you with a +4 eudemon blade of holy wrath!!
You die...
Your body glows with a rainbow of weird colours and disappears.

#......#..#.....#..# #......#
#......############# #......#
######## #......#
#########################......##
.................................
.................................
#############'###########........
#.≈[≈≈.....# #........
#.≈≈A@.....# #........
#....≈.....# #........
#...<......# #........
#..........# #........
#..........# #........
############ #........ #........


You could see Mennas (silencing, waterlogged).

Vanquished Creatures
  Arachne (Spider:3)
  Rupert (D:12)
  Frances (D:13)
  A kraken (Shoals:3)
  A sphinx (Vaults:2)
  Polyphemus (Shoals:3)
  A tengu reaver (Vaults:1)
  Kirke (D:15)
  Roxanne (D:14)
  2 fire giants (Vaults:1)
  2 deep elf sorcerers (Vaults:1)
  5 vault wardens
  4 emperor scorpions
  6 ghost moths
  3 ironheart preservers (Vaults:1)
  2 stone giants (Vaults:1)
  A war gargoyle (Vaults:2)
  Nessos (D:13)
  A minotaur (Vaults:2)
  2 spark wasps
  4 entropy weavers
  Azrael (D:14)
  A dire elephant (D:15)
  An eidolon (Vaults:2)
  2 fire dragons
  An ettin (Vaults:2)
  2 merfolk impalers (Shoals:3)
  2 deep elf death magi
  The ghost of Vewah the Unseen, a journeyman SpBr of Dithmenos (Orc:1)
  4 great orbs of eyes
  2 yaktaur captains
  An ice dragon (Vaults:1)
  4 boulder beetles
  A vault guard (Vaults:1)
  6 ogre magi
  11 hydras
  2 rakshasas (Vaults:1)
  A death knight (Vaults:2)
  5 merfolk aquamancers
  5 centaur warriors
  Erica (D:10)
  A catoblepas (Shoals:3)
  25 two-headed ogres
  2 satyrs (Shoals:3)
  A dancing weapon (Orc:1)
  14 death yaks
  6 merfolk avatars
  3 alligator snapping turtles
  A vampire mage (Vaults:2)
  4 orc high priests (Orc:2)
  3 deep elf knights
  The ghost of Turgon the Cleaver, a novice DDWn (D:9)
  A fire crab (shapeshifter) (D:13)
  A fire crab (D:13)
  2 skeletal warriors (Vaults:2)
  A flayed ghost (Vaults:2)
  7 unseen horrors
  3 deep elf archers
  2 wizards (Vaults:1)
  10 sea snakes
  10 ironbrand convokers
  17 harpies
  2 lindwurms
  2 deep elf magi (Vaults:1)
  A wolf spider zombie (D:13)
  19 orb spiders
  6 orc sorcerers
  31 wolf spiders
  15 orc knights
  13 ugly things
  15 manticores
  19 fauns
  12 elephants
  3 oklob plants (Lair:2)
  2 moths of wrath
  5 merfolk sirens
  12 cyclopes
  6 vault sentinels
  Joseph (D:7)
  A molten gargoyle (Volcano)
  7 black mambas
  6 water nymphs
  A gargoyle (Volcano)
  6 rime drakes
  34 cane toads
  13 komodo dragons
  31 yaktaurs
  4 freezing wraiths
  An efreet (D:15)
  2 polar bears
  6 demonic crawlers
  12 trolls
  A queen bee (Spider:3)
  15 merfolk
  3 wind drakes
  3 meliai (Spider:3)
  24 jumping spiders
  5 tyrant leeches (Lair:6)
  Prince Ribbit (D:7)
  11 slime creatures
  10 hornets
  A raiju (shapeshifter) (Vaults:1)
  27 blink frogs
  11 snapping turtles
  6 dream sheep
  4 wraiths
  A yak (shapeshifter) (Vaults:1)
  29 tarantellas
  6 wyverns
  25 yaks
  5 water elementals
  64 redbacks
  2 vampires
  16 humans
  4 fire elementals
  2 fire bats (Volcano)
  9 basilisks
  A steam dragon (Volcano)
  5 hogs
  18 vampire mosquitoes
  A human simulacrum (Vaults:1)
  A soldier ant (D:13)
  9 wargs
  3 acid dragons
  19 water moccasins
  5 hell hounds
  56 orc warriors
  4 ice beasts
  An eye of draining (D:13)
  4 sky beasts
  2 phantoms
  A necrophage (D:12)
  17 black bears
  27 ogres
  30 centaurs
  3 boggarts (Vaults:1)
  6 wolves
  3 big kobolds
  36 bullfrogs
  2 gnoll sergeants
  5 scorpions
  32 killer bees
  8 wights
  4 electric eels
  3 howler monkeys (D:13)
  10 lava snakes
  A bullfrog zombie (D:7)
  A quasit (D:10)
  8 hounds
  Crazy Yiuf (D:7)
  34 orc priests
  2 jellies
  5 centaur skeletons
  2 gnoll shamans (D:10)
  6 iguanas
  Terence (D:2)
  9 worker ants
  49 orc wizards
  2 killer bee zombies
  A hound zombie (D:9)
  A hound skeleton (D:11)
  Robin (D:2)
  A worker ant zombie (D:7)
  4 gnolls (D:11)
  A river rat (Vaults:2)
  10 adders
  A shadow imp (D:6)
  14 white imps
  5 ufetubi
  An ooze (D:5)
  An adder zombie (D:7)
  An adder skeleton (D:8)
  2 worms
  2 dart slugs
  9 leopard geckos
  97 orcs
  5 giant cockroaches
  14 goblins
  16 hobgoblins
  6 jackals
  12 kobolds
  9 quokkas
  2 ball pythons
  6 bats (D:1)
  7 frilled lizards
  A quokka skeleton (D:6)
  5 rats
  A bush (D:10)
  A lurking horror (Lair:2)
  A tentacle (Shoals:3)
1459 creatures vanquished.

Vanquished Creatures (collateral kills)
  An orc warlord (Orc:2)
  A vault warden (Vaults:1)
  A two-headed ogre (Vaults:1)
  A death yak (Lair:5)
  A wolf spider (Spider:4)
  A manticore (D:10)
  A hornet (Spider:4)
  A water elemental (Shoals:2)
  A yak (Lair:5)
  2 orcs
11 creatures vanquished.

Vanquished Creatures (others)
  A faun (Shoals:3)
  A dream sheep (Shoals:2)
  3 humans (D:15)
  An eye of draining (D:15)
  5 orcs
  A quokka (D:5)
  3 bushes (Lair:3)
  51 fungi
  317 plants
  5 tentacles (Shoals:3)
388 creatures vanquished.

Grand Total: 1858 creatures vanquished

Notes
Turn   | Place    | Note
-------+----------+-------------------------------------------
     0 | D:1      | raph the Deep Elf Earth Elementalist began the quest for
                  | the Orb.
     0 | D:1      | Reached XP level 1. HP: 10/10 MP: 6/6
   143 | D:1      | Reached XP level 2. HP: 15/15 MP: 6/8
   778 | D:1      | Learned a level 2 spell: Passwall
  1157 | D:2      | You fall into a shaft and drop 2 floors!
  1158 | D:4      | Found a bloodstained altar of Trog.
  1184 | D:4      | Reached skill level 4 in Earth Magic
  1184 | D:4      | Reached XP level 3. HP: 10/19 MP: 3/10
  1334 | D:4      | Reached XP level 4. HP: 24/24 MP: 8/11
  1682 | D:2      | Noticed Robin
  1682 | D:2      | Found a snail-covered altar of Cheibriados.
  1862 | D:3      | Found a faded altar of an unknown god.
  1966 | D:3      | Learned a level 3 spell: Stone Arrow
  2016 | D:3      | Reached XP level 5. HP: 26/28 MP: 11/13
  2080 | D:3      | Reached skill level 1 in Conjurations
  2910 | D:2      | Reached skill level 5 in Earth Magic
  3361 | D:2      | Learned a level 5 spell: Lee's Rapid Deconstruction
  3559 | D:2      | Killed Robin
  3778 | D:2      | Noticed Terence
  3786 | D:2      | Killed Terence
  3870 | D:2      | Found a sparkling altar of Nemelex Xobeh.
  3870 | D:2      | Found a basalt altar of Yredelemnul.
  3873 | D:2      | Found an ornate altar of the Wu Jian Council.
  4269 | D:2      | Became a worshipper of Nemelex Xobeh the Trickster
  4310 | D:4      | Reached XP level 6. HP: 32/32 MP: 9/14
  4522 | D:4      | Reached skill level 6 in Earth Magic
  4607 | D:4      | Found a blossoming altar of Fedhas.
  4995 | D:5      | Entered Level 5 of the Dungeon
  5148 | D:5      | Noticed an orc warrior
  5163 | D:5      | Reached skill level 1 in Shields
  5257 | D:5      | Found a white marble altar of Elyvilon.
  5345 | D:5      | Reached XP level 7. HP: 35/36 MP: 13/15
  5380 | D:5      | Reached skill level 7 in Earth Magic
  5653 | D:5      | Reached * piety under Nemelex Xobeh
  6091 | D:5      | Found a shadowy altar of Dithmenos.
  6327 | D:5      | Found a staircase to the Ecumenical Temple.
  6488 | D:6      | Received a gift from Nemelex Xobeh
  6494 | D:6      | Reached skill level 8 in Earth Magic
  6789 | D:6      | Reached XP level 8. HP: 32/41 MP: 4/16
  7111 | D:6      | Found a bloodstained altar of Trog.
  8033 | D:7      | Reached skill level 9 in Earth Magic
  8161 | D:7      | Reached ** piety under Nemelex Xobeh
  8161 | D:7      | Received a gift from Nemelex Xobeh
  8192 | D:7      | Noticed Joseph
  8200 | D:7      | Learned a level 4 spell: Petrify
  8267 | D:7      | Killed Joseph
  8268 | D:7      | Reached skill level 5 in Spellcasting
  8492 | D:7      | Found a runed translucent door.
  8493 | D:7      | Noticed Crazy Yiuf
  8505 | D:7      | Killed Crazy Yiuf
  8506 | D:7      | Reached skill level 10 in Earth Magic
  8940 | D:7      | Reached XP level 9. HP: 41/45 MP: 14/20
  9024 | D:7      | Found Maotust's Jewellery Emporium.
  9036 | D:7      | Noticed Prince Ribbit
  9040 | D:7      | Killed Prince Ribbit
  9673 | D:8      | Reached skill level 11 in Earth Magic
 10027 | D:8      | Received a gift from Nemelex Xobeh
 10286 | D:8      | Learned a level 3 spell: Ozocubu's Armour
 10383 | D:8      | Reached skill level 1 in Invocations
 10643 | D:8      | Found a shimmering altar of Xom.
 10653 | D:8      | Learned a level 2 spell: Blink
 10755 | D:8      | Found a broken altar of Ashenzari.
 10873 | D:8      | Reached skill level 1 in Fighting
 10873 | D:8      | Reached skill level 1 in Ice Magic
 10969 | D:9      | Noticed a troll
 10972 | D:9      | Killed a troll
 11170 | D:9      | Found a sparkling altar of Nemelex Xobeh.
 11175 | D:9      | Identified a scroll of acquirement
 11188 | D:9      | Found a glowing silver altar of Zin.
 11189 | D:9      | Found a stormy altar of Qazlal.
 11317 | D:9      | Found a runed translucent door.
 11317 | D:9      | Noticed Turgon's ghost (novice DDWn)
 11342 | D:9      | Killed Turgon's ghost
 11343 | D:9      | Reached skill level 5 in Stealth
 11343 | D:9      | Reached skill level 12 in Earth Magic
 11343 | D:9      | Reached XP level 10. HP: 35/53 MP: 2/23
 11470 | D:9      | Got a pair of fading boots
 11476 | D:9      | Identified the +4 pair of boots "Wunyxaodi" {rC+} (You
                  | found it on level 9 of the Dungeon)
 11566 | D:9      | Noticed an elephant
 11575 | D:9      | Killed an elephant
 11576 | D:9      | Reached skill level 5 in Dodging
 12051 | D:9      | Found a staircase to the Lair.
 12322 | D:9      | Reached *** piety under Nemelex Xobeh
 12417 | D:9      | Found an iron altar of Okawaru.
 12418 | D:9      | Found a hazy altar of Hepliaklqana.
 12536 | Lair:1   | Entered Level 1 of the Lair of Beasts
 12537 | Lair:1   | Acquired the ring "Foexukh" {rPois Int+2 Dex+3}
 12786 | Lair:1   | Received a gift from Nemelex Xobeh
 12808 | Lair:1   | Acquired a book of the Dragon
 13001 | Lair:1   | Noticed a seven-headed hydra
 13007 | Lair:1   | Killed a seven-headed hydra
 13223 | Lair:1   | Noticed a cane toad
 13229 | Lair:1   | Killed a cane toad
 13342 | Lair:1   | Learned a level 2 spell: Call Imp
 13526 | Lair:1   | Noticed a cane toad
 13533 | Lair:1   | Killed a cane toad
 13534 | Lair:1   | Reached skill level 1 in Summonings
 13914 | Lair:2   | Noticed a cane toad
 13990 | Lair:2   | Killed a cane toad
 13990 | Lair:2   | Noticed an eight-headed hydra
 14043 | Lair:2   | Killed an eight-headed hydra
 14044 | Lair:2   | Reached XP level 11. HP: 60/60 MP: 7/24
 14392 | Lair:2   | Noticed a five-headed hydra
 14406 | Lair:2   | Killed a five-headed hydra
 14407 | Lair:2   | Reached skill level 13 in Earth Magic
 14510 | Lair:2   | Reached **** piety under Nemelex Xobeh
 14580 | Lair:2   | Noticed an oklob plant
 14580 | Lair:2   | Noticed an oklob plant
 14580 | Lair:2   | Noticed an oklob plant
 14588 | Lair:2   | Killed an oklob plant
 14866 | Lair:2   | Reached skill level 5 in Invocations
 15088 | Lair:2   | Found a corrupted altar of Lugonu.
 15256 | Lair:2   | Found a one-way gate to the infinite horrors of the Abyss.
 15275 | Lair:2   | Received a gift from Nemelex Xobeh
 15806 | Lair:2   | Received a gift from Nemelex Xobeh
 16523 | Lair:3   | Reached skill level 5 in Summonings
 16523 | Lair:3   | Noticed a five-headed hydra
 16630 | Lair:3   | Killed a five-headed hydra
 17009 | Lair:3   | Reached XP level 12. HP: 66/66 MP: 15/26
 17176 | Lair:3   | Learned a level 4 spell: Sticky Flame
 17826 | Lair:3   | Received a gift from Nemelex Xobeh
 18012 | Lair:3   | Noticed a five-headed hydra
 18021 | Lair:3   | Killed a five-headed hydra
 18022 | Lair:3   | Reached skill level 1 in Fire Magic
 18518 | Lair:4   | Reached skill level 14 in Earth Magic
 18735 | Lair:4   | Found a staircase to the Shoals.
 19476 | Lair:4   | Received a gift from Nemelex Xobeh
 19482 | Lair:4   | Reached ***** piety under Nemelex Xobeh
 20036 | Lair:4   | Received a gift from Nemelex Xobeh
 20145 | Lair:4   | Found a hole to the Spider Nest.
 20408 | Lair:4   | Found a basalt altar of Yredelemnul.
 21407 | Lair:5   | Reached skill level 5 in Fighting
 22032 | Lair:5   | Received a gift from Nemelex Xobeh
 22041 | Lair:5   | Noticed a death yak
 22740 | Lair:5   | Reached XP level 13. HP: 67/72 MP: 14/28
 22886 | Lair:5   | You fall into a shaft and drop 1 floor!
 22886 | Lair:6   | Entered Level 6 of the Lair of Beasts
 23055 | Lair:5   | Reached skill level 10 in Spellcasting
 23166 | Lair:5   | Received a gift from Nemelex Xobeh
 23497 | Lair:5   | Acquired an uncursed staff of earth
 24305 | Lair:5   | Learned a level 5 spell: Fireball
 24693 | Lair:5   | Reached skill level 10 in Stealth
 25518 | Lair:6   | Reached skill level 15 in Earth Magic
 26184 | Lair:5   | Reached skill level 5 in Fire Magic
 26437 | Lair:6   | Found a staircase to the Slime Pits.
 26439 | Lair:6   | Received a gift from Nemelex Xobeh
 26472 | Lair:6   | Found a viscous altar of Jiyva.
 27459 | Lair:6   | Reached XP level 14. HP: 58/80 MP: 0/30
 27665 | Lair:5   | Reached skill level 5 in Conjurations
 28893 | Lair:6   | Reached skill level 10 in Dodging
 30146 | Lair:6   | Received a gift from Nemelex Xobeh
 30748 | D:10     | Entered Level 10 of the Dungeon
 31087 | D:10     | Identified the Grimoire of Bewitchment
 31090 | D:10     | Received a gift from Nemelex Xobeh
 31099 | D:10     | Noticed Erica
 31116 | D:10     | Killed Erica
 31363 | D:10     | Found a shimmering altar of Xom.
 35001 | D:11     | Received a gift from Nemelex Xobeh
 35895 | D:11     | Received a gift from Nemelex Xobeh
 36833 | D:12     | Found a staircase to the Orcish Mines.
 36834 | D:12     | Received a gift from Nemelex Xobeh
 37622 | D:12     | Found a roughly hewn altar of Beogh.
 38008 | Orc:1    | Entered Level 1 of the Orcish Mines
 38435 | Orc:1    | Found a runed translucent door.
 38444 | Orc:1    | Found a shimmering altar of Xom.
 38444 | Orc:1    | Noticed Vewah's ghost (journeyman SpBr)
 38477 | Orc:1    | Received a gift from Nemelex Xobeh
 38527 | Orc:1    | Found a dark tunnel.
 38543 | Volcano  | Entered a volcano
 38769 | Volcano  | Reached ****** piety under Nemelex Xobeh
 38950 | Volcano  | Found a radiant altar of Vehumet.
 39114 | Volcano  | Reached XP level 15. HP: 86/86 MP: 9/33
 39315 | Volcano  | Received a gift from Nemelex Xobeh
 39533 | Orc:2    | Entered Level 2 of the Orcish Mines
 39645 | Orc:2    | Found a staircase to the Elven Halls.
 39877 | Orc:2    | Found a transporter.
 39879 | Orc:2    | Noticed emiel's ghost (journeyman DsAK)
 39880 | Orc:2    | Found a transporter.
 39896 | Orc:2    | Identified the +3 glaive "Giof" {distort, +Fly rPois}
 40920 | Orc:2    | Noticed an orc warlord
 40935 | Orc:2    | Killed an orc warlord
 41364 | Orc:2    | Reached skill level 1 in Armour
 41470 | Orc:2    | Reached skill level 16 in Earth Magic
 41644 | Orc:1    | Found Xotrisux's Jewellery Boutique.
 41898 | Orc:1    | Received a gift from Nemelex Xobeh
 44423 | Orc:2    | Found Norov's Antique Armour Emporium.
 44424 | Orc:2    | Found Nusud's Antique Weapon Shoppe.
 44426 | Orc:2    | Found Gucwexi's General Store.
 44426 | Orc:2    | Found Xath's Book Emporium.
 44453 | Orc:2    | Bought a book of Power for 720 gold pieces
 44460 | Orc:2    | Learned a level 6 spell: Iron Shot
 44477 | Orc:2    | Bought a potion of haste for 110 gold pieces
 44674 | Orc:1    | Bought a cursed amulet of reflection for 405 gold pieces
 44778 | Orc:2    | Bought a book of Callings for 480 gold pieces
 44904 | D:13     | Found a gate to the Vaults.
 44904 | D:13     | Noticed Rupert
 44904 | D:13     | Noticed Nessos
 44907 | D:13     | Killed Nessos
 45185 | D:13     | Noticed Frances
 45188 | D:13     | Killed Frances
 45419 | D:13     | Received a gift from Nemelex Xobeh
 45920 | D:13     | Paralysed by Rupert for 3 turns
 45925 | D:13     | Paralysed by Rupert for 4 turns
 46136 | D:12     | Killed Rupert
 46843 | D:13     | Received a gift from Nemelex Xobeh
 47427 | D:14     | Noticed Azrael
 47434 | D:14     | Killed Azrael
 47682 | D:14     | Found Baresh's Weapon Emporium.
 47682 | D:14     | Identified Roxanne's Guide on Changing
 47682 | D:14     | Noticed Roxanne
 47687 | D:14     | Killed Roxanne
 48101 | D:14     | Found a roughly hewn altar of Beogh.
 48888 | D:14     | Learned a level 1 spell: Apportation
 49216 | D:15     | Entered Level 15 of the Dungeon
 49403 | D:15     | Reached XP level 16. HP: 93/93 MP: 29/35
 49427 | D:15     | Received a gift from Nemelex Xobeh
 49717 | D:15     | Reached skill level 1 in Translocations
 50706 | D:15     | Noticed Kirke
 50708 | D:15     | Killed Kirke
 51184 | D:15     | Found a staircase to the Depths.
 52292 | Orc:1    | Killed Vewah's ghost
 52695 | Lair:4   | Learned a level 4 spell: Summon Lightning Spire
 52697 | Shoals:1 | Entered Level 1 of the Shoals
 53825 | Shoals:1 | Received a gift from Nemelex Xobeh
 55501 | Shoals:1 | Noticed a kraken
 55509 | Shoals:1 | a kraken changed into an alligator snapping turtle
 55824 | Shoals:2 | Received a gift from Nemelex Xobeh
 55830 | Shoals:2 | Found Tagieg's Antique Weapon Shop.
 57014 | Shoals:2 | Found Eleici's Antique Armour Emporium.
 57087 | Shoals:2 | Found Niah's Book Shoppe.
 57087 | Shoals:2 | Found Hoytutac's Gadget Emporium.
 58067 | Shoals:2 | Received a gift from Nemelex Xobeh
 58079 | Shoals:2 | Found Ziotz's Assorted Antiques.
 58092 | Shoals:2 | Bought a glowing cloak for 172 gold pieces
 58111 | Shoals:2 | Bought a blackened brass ring for 115 gold pieces
 58712 | Shoals:2 | Reached skill level 5 in Armour
 60077 | Shoals:3 | Reached XP level 17. HP: 42/99 MP: 4/37
 61936 | Shoals:3 | Noticed Polyphemus
 62168 | Shoals:3 | Killed Polyphemus
 62314 | Shoals:3 | Noticed a kraken
 62326 | Shoals:3 | Killed a kraken
 62931 | Spider:1 | Entered Level 1 of the Spider Nest
 63402 | Spider:1 | Reached skill level 17 in Earth Magic
 63679 | Spider:1 | Received a gift from Nemelex Xobeh
 65669 | Spider:2 | Received a gift from Nemelex Xobeh
 67180 | Spider:2 | Found a roughly hewn altar of Beogh.
 67291 | Spider:3 | Noticed Arachne
 67423 | Spider:3 | Killed Arachne
 67424 | Spider:3 | Reached skill level 15 in Spellcasting
 68010 | Spider:3 | Reached skill level 10 in Fire Magic
 68413 | Spider:2 | Reached skill level 1 in Long Blades
 68961 | Spider:3 | Reached XP level 18. HP: 104/104 MP: 15/39
 69072 | Spider:3 | Reached skill level 1 in Staves
 69358 | Spider:3 | Reached skill level 1 in Evocations
 69545 | Spider:3 | Received a gift from Nemelex Xobeh
 69600 | Spider:3 | Got a smoking long sword
 69601 | Spider:3 | Identified the cursed +3 long sword of a sewer {vamp, Will-
                  | Int+3 Dex+4} (You found it on level 3 of the Spider Nest)
 70164 | Spider:4 | Entered Level 4 of the Spider Nest
 70476 | Spider:4 | Received a gift from Nemelex Xobeh
 71730 | Spider:4 | Paralysed by a hornet for 3 turns
 72455 | Spider:4 | Got a gossamer rune of Zot
 72876 | D:7      | Bought the ring of Jos Hodienu {rF+ rC+ Str+6} for 1192
                  | gold pieces
 73013 | Vaults:1 | Entered Level 1 of the Vaults
 74849 | Vaults:1 | Reached skill level 18 in Earth Magic
 75131 | Vaults:1 | Received a gift from Nemelex Xobeh
 75549 | Vaults:1 | Reached skill level 5 in Evocations
 75874 | Vaults:1 | Reached XP level 19. HP: 112/112 MP: 7/41
 77643 | Vaults:1 | Reached skill level 10 in Fighting
 78280 | Vaults:1 | Identified the +3 robe "Foare" {Rampage Str+2} (You found
                  | it on level 1 of the Vaults)
 78463 | Vaults:1 | Glimpsed the power of Zot.
 78587 | Vaults:2 | Received a gift from Nemelex Xobeh
 79478 | Vaults:2 | Reached skill level 10 in Armour
 79682 | Vaults:2 | Learned a level 5 spell: Summon Demon
 79879 | Vaults:2 | Received a gift from Nemelex Xobeh
 79942 | Vaults:2 | Reached skill level 5 in Long Blades
 80361 | Vaults:2 | Found a staircase to the Crypt.
 82163 | Vaults:2 | Received a gift from Nemelex Xobeh
 82176 | Vaults:2 | Noticed Mennas
 82228 | Vaults:2 | Mangled by Mennas

Illustrated notes

Levels and vault maps discovered:
D:1:      dpeg_arrival_long_road, layout_basic
D:2:      layout_basic, minitemple, minmay_large_rounded_square, uniq_robin,
          uniq_terence
D:3:      layout_loops_cross, chequers_ecumenical_altar_simple_redux
D:4:      layout_cave_pools, bloody_trog, fedhas_altar_fruit_tree
D:5:      layout_basic, grunt_dithmenos_smoke_and_mirrors, elyvilon_altar_4,
          minmay_temple_entry_drinking_statues
D:6:      layout_loops_ring, chequers_serial_rivers_marsh, trog_hazing_becter
D:7:      layout_basic, serial_shops, shop, kennysheep_nondescript,
          kennysheep_windowed_goal, uniq_crazy_yiuf_cottage, uniq_joseph,
          uniq_prince_ribbit1
D:8:      layout_rooms, nicolae_overflow_crystal_walls, basic_altar,
          kennysheep_generic_room_11
D:9:      layout_loops_ring, nicolae_overflow_hidden_temple,
          gammafunk_temple_overflow_pools, david_lair_generic, basic_altar,
          gammafunk_ghost_grave
D:10:     kennysheep_town, uniq_erica
D:11:     layout_stronghold
D:12:     layout_long_grid, minmay_orc_entry_temple_small
D:13:     layout_basic, david_vaults_3, uniq_frances
D:14:     layout_roguey, infiniplex_staircase_zigzag_2, special_room
          [special_room_orc], serial_shops, nicolae_shop_trees,
          minmay_misc_feat_secret_circle, drop_trap, uniq_roxanne, uniq_azrael
D:15:     hangedman_depths_entry_try_elsewhere_first, layout_basic, uniq_kirke
Lair:1:   layout_long_grid
Lair:2:   layout_layer_cave, amcnicky_altar_lugonu_corruption,
          minmay_lair_oklob_chamber, grunt_megastairs_1,
          infiniplex_staircase_pool_2, lemuel_fruit_fields, serial_bayou_shore_a
Lair:3:   layout_roguey, serial_forest, infiniplex_forest_join,
          infiniplex_forest_clump_small, infiniplex_forest_clump_medium,
          infiniplex_forest_clump_tiny, infiniplex_forest_corner_1,
          infiniplex_forest_clump_cross, infiniplex_forest_clump_curved,
          infiniplex_forest_lined_room_3, infiniplex_forest_end_3,
          chequers_serial_rivers_room_a, beast_lair_carwin_10
Lair:4:   layout_cave_pods, minmay_shoals_entry_hut,
          spider_nest_entry_funnel_web, lemuel_centaur_altar,
          serial_bayou_shore_b
Lair:5:   statuecave_lemuel, layout_gridlike, portal_ice_cave_entry_imps,
          beast_lair_carwin_1, lemuel_fruit_fields, grunt_megastairs_3
Lair:6:   minmay_lair_end_frog_pond, layout_regular_city, slime_altar_1
Shoals:1: layout_shoals, nicolae_shoals_siren_and_animal_friends
Shoals:2: layout_shoals, serial_shops,
          nicolae_shop_temple_entry_statues_fountains, nicolae_shop_stone, shop,
          shop, nicolae_shop_behind_doors, nicolae_shoals_aquamancer_cove
Shoals:3: layout_shoals, ldierk_geyser, uniq_polyphemus
Spider:1: layout_spider_delve
Spider:2: nicolae_spider_mines_2, hangedman_spider_tarantella_strand
Spider:3: layout_spider_delve, special_room [special_room_bee],
          guppyfry_spider_mini_1, uniq_arachne
Spider:4: spider_rune_water
Orc:1:    layout_diamond_mine, enter_volcano_2, ebering_ghost_xom,
          minmay_shop_enchanted_jewellery
Orc:2:    st_orc_congregation, layout_caves, gammafunk_ghost_abyssal_escape
Vaults:1: v_rooms_6, v_misc_23, nicolae_vaults_little_squares_4,
          dpeg_vaults_monster_row, nicolae_vaults_angled_halls,
          nicolae_vaults_rhombus_7, v_misc_27, st_quartered_hall,
          vaults_room_corners, v_misc_9, v_alt_pattern_2,
          grunt_vaults_hallway_short, layout_vaults_omnicross
Vaults:2: ontoclasm_vaults_eye, v_misc_27, vaults_room_pools,
          grunt_vaults_trifunnel, v_misc_12, v_misc_25, v_misc_10,
          nicolae_vaults_quartermaster, vaults_standard_mumra_x,
          minmay_crypt_entry_simple_corners, ontoclasm_vaults_loading_screen,
          layout_vaults_quadrants, uniq_mennas
Vaults:3: grunt_vaults_twisty, nicolae_vaults_theta,
          hangedman_vaults_river_flow, nicolae_vaults_network_periphery,
          v_alt_pattern_4, hangedman_vaults_hat, hangedman_vaults_maws,
          ontoclasm_vaults_loading_screen, vaults_mumra_hex, layout_vaults_ring,
          serial_shops, nicolae_shop_behind_doors, uniq_saint_roka, uniq_boris

Skill      XL: |  1  2  3  4  5  6  7  8  9 10 11 12 13 14 15 16 17 18 19 |
---------------+----------------------------------------------------------+-----
Stealth        | 3 5 6 8 9 10 11 | 11.1
Dodging        | 3 4 6 7 8 9 11 12 13 | 13.9
Earth Magic    | 4 5 6 8 10 12 13 14 15 16 17 18 | 18.5
Spellcasting   | 4 6 7 8 9 10 12 13 14 15 16 | 16.9
Conjurations   | 1 2 4 7 8 9 |  9.8
Shields        | 1 3 4 |  4.0
Invocations    | 2 4 5 6 8 9 |  9.0
Fighting       | 1 3 4 5 6 7 8 9 10 | 10.2
Ice Magic      | 2 |  2.6
Summonings     | 2 5 6 8 |  8.8
Fire Magic     | 3 5 6 7 8 10 | 10.9
Armour         | 3 6 8 9 10 | 10.2
Translocations | 3 |  3.4
Long Blades    | 1 6 |  6.2
Staves         | 4 |  4.6
Evocations     | 5 |  5.0
Transmutations | |  1.1

Action                   |  1- 3 |  4- 6 |  7- 9 | 10-12 | 13-15 | 16-18 | 19-21 || total
-------------------------+-------+-------+-------+-------+-------+-------+-------++-------
Melee: Dagger            |    14 |   110 |    85 |   111 |    79 |     9 |       ||   408
       Staff             |       |       |       |       |    48 |   108 |    26 ||   182
       Scimitar          |       |       |       |       |       |    69 |    79 ||   148
       Long sword        |       |       |       |       |       |     3 |       ||     3
Throw: Stone             |       |       |       |       |     2 |     1 |       ||     3
 Cast: Sandblast         |    36 |    48 |    30 |    50 |    30 |   111 |    24 ||   329
       Stone Arrow       |       |    12 |    41 |   103 |   101 |     5 |     1 ||   263
       Lee's Rapid Decon |       |       |    54 |    97 |   377 |   324 |    96 ||   948
       Petrify           |       |       |     1 |       |    21 |    11 |     2 ||    35
       Passwall          |       |       |     1 |       |     1 |     7 |       ||     9
       Blink             |       |       |     1 |     2 |    42 |    13 |     1 ||    59
       Ozocubu's Armour  |       |       |     1 |     1 |     2 |     2 |     3 ||     9
       Sticky Flame      |       |       |       |     9 |    33 |    16 |     8 ||    66
       Call Imp          |       |       |       |     4 |     2 |       |       ||     6
       Fireball          |       |       |       |       |   148 |   101 |    27 ||   276
       Iron Shot         |       |       |       |       |    13 |   232 |    64 ||   309
       Apportation       |       |       |       |       |       |    12 |     1 ||    13
       Summon Lightning  |       |       |       |       |       |     5 |     2 ||     7
       Summon Demon      |       |       |       |       |       |       |     1 ||     1
Invok: Draw Destruction  |       |       |     5 |     1 |     4 |    12 |     5 ||    27
       Draw Escape       |       |       |       |     1 |     1 |     4 |     3 ||     9
       Draw Summoning    |       |       |       |       |     4 |     5 |       ||     9
       Deal Four         |       |       |       |       |     1 |       |     1 ||     2
       Triple Draw       |       |       |       |       |       |     2 |       ||     2
Evoke: Wand              |       |       |     1 |     1 |     4 |    10 |       ||    16
       Phial of floods   |       |       |       |       |     1 |       |     1 ||     2
       Lightning rod     |       |       |       |       |       |       |     2 ||     2
       Condenser vane    |       |       |       |       |       |       |     1 ||     1
  Use: Potion            |       |     1 |       |       |     1 |     7 |     7 ||    16
       Scroll            |       |     7 |    13 |     9 |    15 |    16 |    10 ||    70
 Stab: Sleeping          |     2 |     9 |     3 |     6 |     2 |     2 |       ||    24
       Petrified         |       |       |     2 |       |       |       |       ||     2
       Confused          |       |       |       |       |       |       |     1 ||     1
Armor: Robe              |    11 |    35 |    28 |    58 |    64 |       |       ||   196
       Leather armour    |       |       |       |       |    27 |    91 |       ||   118
       Fire dragon scale |       |       |       |       |       |   155 |    91 ||   246
Dodge: Dodged            |    29 |   106 |    81 |   149 |   250 |   391 |   109 ||  1115
Block: Buckler           |       |       |    41 |    54 |    96 |   372 |   110 ||   673
       Reflection        |       |       |       |       |     5 |    54 |    27 ||    86
       Rpst.: Scimitar   |       |       |       |       |       |    20 |    15 ||    35
       Long sword        |       |       |       |       |       |     4 |       ||     4
